[Event "Titled Tuesday Blitz December 20 Early 2022"]
[White "PavelChernomordik"]
[Black "dirk_da_player"]
[WhiteElo "2434"]
[BlackElo "2339"]
[Result "0-1"]
[Round "10"]
[TimeControl "180+2"]
[Date "2022.12.20"]
[WhiteClock "0:00:16"]
[BlackClock "0:00:04"]

1. e4 e5 2. Nf3 d6 3. d4 exd4 4. Qxd4 Nf6 5. Bg5 Be7 6. Nc3 O-O 7. O-O-O Be6 8. Kb1 Nc6 9. Qd2 a6 10. Bd3 b5 11. Rhe1 Ne5 12. Qf4 h6 13. Bxf6 Bxf6 14. Nd4 c5 15. Nxe6 fxe6 16. Qe3 b4 17. Na4 Qa5 18. b3 Rac8 19. f4 c4 20. Bf1 cxb3 21. cxb3 Nc4 22. Bxc4 Rxc4 23. bxc4 Qxa4 24. e5 dxe5 25. fxe5 Bg5 26. Qb3 Qc6 27. Re2 a5 28. Rd6 Qc5 29. Rd1 Ra8 30. Qf3 Rb8 31. Qd3 b3 32. axb3 a4 33. Rb2 Qxe5 34. Qd6 Qf5+ 35. Ka1 Ra8 36. Qc6 Rf8 37. Re2 Bf6+ 38. Ka2 axb3+ 39. Ka3 Qa5+ 40. Kxb3 Rb8+ 41. Kc2 Qc3# 0-1


[Site "https://www.chess.com"]

[Event "Titled Tuesday Blitz December 20 Early 2022"]
[White "Pitcher, John"]
[Black "Moh, Teng Keong Deon"]
[WhiteFideId "411485"]
[BlackFideId "5700868"]
[WhiteElo "2210"]
[BlackElo "2215"]
[Result "1-0"]
[Round "10"]
[TimeControl "180+2"]
[Date "2022.12.20"]
[WhiteClock "0:00:09"]
[BlackClock "0:00:03"]

1. e4 c6 2. d4 d5 3. e5 c5 4. dxc5 e6 5. Be3 Nd7 6. Bb5 Ne7 7. Bxd7+ Bxd7 8. f4 Nf5 9. Bf2 Qa5+ 10. Qd2 Qc7 11. b4 a5 12. c3 h5 13. Nf3 Bb5 14. Nd4 Nxd4 15. Bxd4 Be7 16. Na3 Qc6 17. Nxb5 Qxb5 18. a4 Qc4 19. Qe2 Qxe2+ 20. Kxe2 Kd7 21. Rhb1 Rhc8 22. Kd3 h4 23. bxa5 Kc7 24. Rb5 Ra6 25. Rab1 Rb8 26. Rb6 Rxa5 27. c6 Bc5 28. Rxb7+ Rxb7 29. Rxb7+ Kxc6 30. Rxf7 Rxa4 31. Rxg7 Bxd4 32. cxd4 Ra3+ 33. Ke2 Ra4 34. Re7 Rxd4 35. Rxe6+ Kc5 36. g3 Ra4 37. Kf3 Ra3+ 38. Kg4 hxg3 39. hxg3 d4 40. Rd6 d3 41. Kf5 Kc4 42. g4 Ra5 43. g5 Rd5 44. Rc6+ Kd4 45. Rc1 d2 46. Rd1 Ke3 47. g6 Rd4 48. Rxd2 1-0


[Site "https://www.chess.com"]

[Event "Titled Tuesday Blitz December 20 Early 2022"]
[White "Pranav, V"]
[Black "Narayanan, Srinath"]
[WhiteFideId "25060783"]
[BlackFideId "5018420"]
[WhiteElo "2597"]
[BlackElo "2559"]
[Result "1-0"]
[Round "10"]
[TimeControl "180+2"]
[Date "2022.12.20"]
[WhiteClock "0:00:03"]
[BlackClock "0:00:03"]

1. e4 c6 2. d4 d5 3. e5 c5 4. Nf3 Nc6 5. c4 cxd4 6. Nxd4 e6 7. Nc3 Bb4 8. Nxc6 bxc6 9. cxd5 Qxd5 10. Qxd5 cxd5 11. Bd2 Ne7 12. a3 Ba5 13. Na4 Bxd2+ 14. Kxd2 Ng6 15. Re1 Ke7 16. Nc5 Bd7 17. Ba6 Rab8 18. b4 Bb5 19. h4 h5 20. g3 Bxa6 21. Nxa6 Rb6 22. Nc5 a5 23. Nd3 Ra8 24. Rc1 Ra7 25. f4 f6 26. Rc2 axb4 27. axb4 Kf7 28. Rhc1 Ne7 29. Rc7 Rbb7 30. Rxb7 Rxb7 31. Rb1 Nf5 32. b5 Rb6 33. Kc3 Nxg3 34. Kd4 Ne4 35. Rb2 g5 36. exf6 Kxf6 37. fxg5+ Kg7 38. Nf4 Kf7 39. Ke5 Nd6 40. g6+ Kg7 41. Nxe6+ Kxg6 42. Rg2+ Kh6 43. Rf2 Nc4+ 44. Kxd5 Ne3+ 45. Kc5 Rxe6 46. b6 Nd5 47. b7 Nc7 48. Ra2 Ra6 49. b8=Q 1-0


[Site "https://www.chess.com"]

[Event "Titled Tuesday Blitz December 20 Early 2022"]
[White "ProfessorChess101"]
[Black "ChessFanNM"]
[WhiteElo "2662"]
[BlackElo "2395"]
[Result "1-0"]
[Round "10"]
[TimeControl "180+2"]
[Date "2022.12.20"]
[WhiteClock "0:01:29"]
[BlackClock "0:00:12"]

1. d4 d5 2. Bf4 Nf6 3. e3 c5 4. c3 e6 5. Nd2 Nc6 6. Ngf3 Bd6 7. Bg3 O-O 8. Bd3 Qe7 9. Qe2 e5 10. dxe5 Nxe5 11. Nxe5 Bxe5 12. Nf3 Bd6 13. Bh4 h6 14. O-O Bg4 15. Qd1 Qe6 16. Be2 Ne4 17. Nd2 Bxe2 18. Qxe2 Be5 19. Nxe4 dxe4 20. Rfd1 a6 21. a4 f6 22. Rd2 Rfd8 23. Rad1 Bc7 24. Bg3 Bb6 25. Qh5 f5 26. h4 c4 27. Rd6 1-0


[Site "https://www.chess.com"]

[Event "Titled Tuesday Blitz December 20 Early 2022"]
[White "Rakhmanov_Aleksandr"]
[Black "Chesca, Alexandru"]
[BlackFideId "1214438"]
[WhiteElo "2797"]
[BlackElo "1917"]
[Result "1-0"]
[Round "10"]
[TimeControl "180+2"]
[Date "2022.12.20"]
[WhiteClock "0:00:12"]
[BlackClock "0:00:44"]

1. g4 d5 2. Bg2 c6 3. c4 e6 4. h3 Bd6 5. d4 Nf6 6. Nd2 Nbd7 7. e3 b6 8. g5 Ng8 9. h4 Bb7 10. Qg4 Ne7 11. Ne2 c5 12. b3 Qc7 13. Bb2 O-O-O 14. Nc3 a6 15. cxd5 Nxd5 16. Nxd5 exd5 17. dxc5 bxc5 18. Bxg7 Rhg8 19. Bb2 Kb8 20. O-O-O Be5 21. Nf3 Bxb2+ 22. Kxb2 h6 23. Qf4 hxg5 24. Qxc7+ Kxc7 25. hxg5 f6 26. Rh7 Kb6 27. Bh3 Ne5 28. Rh6 Nxf3 29. Rxf6+ Ka7 30. Rxf3 Rxg5 31. Rf7 Kb6 32. Rf6+ Ka7 33. Be6 Rd6 34. Rh1 Re5 35. Rhh6 d4 36. exd4 cxd4 37. Bc4 Rxf6 38. Rxf6 Re4 39. Kc2 Rh4 40. Kd3 Rg4 41. f4 Rg2 42. a4 a5 43. Kxd4 Kb8 44. Kc5 Rh2 45. Kb6 Bc8 46. Kxa5 Rh5+ 47. Kb4 Bb7 48. Rf7 Ka7 49. a5 Kb8 50. f5 1-0


[Site "https://www.chess.com"]

[Event "Titled Tuesday Blitz December 20 Early 2022"]
[White "Roshka, Yevgeniy"]
[Black "Paspuel, Trosky"]
[WhiteFideId "14129558"]
[BlackFideId "3602150"]
[WhiteElo "2429"]
[BlackElo "1721"]
[Result "0-1"]
[Round "10"]
[TimeControl "180+2"]
[Date "2022.12.20"]
[WhiteClock "0:01:35"]
[BlackClock "0:01:26"]

1. d4 Nf6 2. c4 e6 3. g3 Bb4+ 4. Bd2 Be7 5. Bg2 d5 6. Nf3 O-O 7. O-O Nbd7 8. Qc2 c6 9. Rd1 b6 10. Bf4 Bb7 11. Nbd2 Nh5 12. Be3 Nhf6 13. Bf4 Nh5 14. Be3 f5 15. Bf4 Nxf4 16. gxf4 Rc8 17. Ne5 Nxe5 18. fxe5 c5 19. dxc5 Bxc5 20. e3 Qe7 21. Qb3 dxc4 22. Nxc4 Qg5 23. Kf1 Qxg2+ 24. Ke1 f4 25. Nd6 fxe3 0-1


[Site "https://www.chess.com"]

[Event "Titled Tuesday Blitz December 20 Early 2022"]
[White "Sadykov_Ramil"]
[Black "Giorno, Sven"]
[BlackFideId "20645082"]
[WhiteElo "2546"]
[BlackElo "2517"]
[Result "0-1"]
[Round "10"]
[TimeControl "180+2"]
[Date "2022.12.20"]
[WhiteClock "0:00:01"]
[BlackClock "0:00:55"]

1. e4 d5 2. exd5 Qxd5 3. Nc3 Qd8 4. d4 Nf6 5. Nf3 Bg4 6. Bc4 e6 7. O-O c6 8. Bb3 Bxf3 9. Qxf3 Qxd4 10. Bg5 Nbd7 11. Rad1 Qg4 12. Qxg4 Nxg4 13. Rfe1 Ngf6 14. Bc4 Be7 15. a3 O-O-O 16. Ne4 Nb6 17. Bd3 Rd5 18. Be3 Rhd8 19. Nc3 R5d7 20. a4 Kb8 21. a5 Nbd5 22. Bd2 Bb4 23. Nxd5 Nxd5 24. c3 Bxa5 25. Bg5 Nf6 26. Bc2 h6 27. Bf4+ Bc7 28. Be3 Nd5 29. Bd4 Nf6 30. g3 Ne8 31. Kg2 b6 32. Ba4 Kb7 33. f4 b5 34. Bc2 Bb6 35. Bxb6 Rxd1 36. Rxd1 Rxd1 37. Bxd1 Kxb6 38. Kf3 Nd6 39. Be2 Kc5 40. g4 a5 41. h4 a4 42. h5 Nc4 43. g5 Nxb2 44. Kg4 a3 0-1


[Site "https://www.chess.com"]

[Event "Titled Tuesday Blitz December 20 Early 2022"]
[White "SaiHanThiha"]
[Black "Coachpoker"]
[WhiteElo "2429"]
[BlackElo "2626"]
[Result "0-1"]
[Round "10"]
[TimeControl "180+2"]
[Date "2022.12.20"]
[WhiteClock "0:00:02"]
[BlackClock "0:01:33"]

1. d4 d5 2. c4 dxc4 3. e3 Nf6 4. Bxc4 e6 5. Nf3 a6 6. O-O b5 7. Bd3 Bb7 8. a4 b4 9. Nbd2 Nbd7 10. a5 c5 11. Qe2 Be7 12. Nc4 O-O 13. Rd1 Qc7 14. h3 Rfd8 15. b3 Rac8 16. Bb2 h6 17. Rac1 Ne4 18. Qc2 Ndf6 19. Nfe5 Qb8 20. Qe2 Rc7 21. Nb6 cxd4 22. Bxd4 Nc3 23. Bxc3 bxc3 24. Bxa6 Rd2 25. Rxd2 cxd2 26. Rxc7 Qxc7 27. Qxd2 Bxa6 28. Nec4 Qc5 29. b4 Qxb4 30. Qd4 Nd5 31. e4 Nxb6 32. axb6 Qxc4 33. Qxc4 Bxc4 34. e5 Bd8 35. b7 Bc7 36. f4 Bb8 0-1


[Site "https://www.chess.com"]

[Event "Titled Tuesday Blitz December 20 Early 2022"]
[White "Salomez, Maxime"]
[Black "Shuvalov, Evgenij"]
[WhiteFideId "652079600"]
[BlackFideId "4187237"]
[WhiteElo "1359"]
[BlackElo "2038"]
[Result "0-1"]
[Round "10"]
[TimeControl "180+2"]
[Date "2022.12.20"]
[WhiteClock "0:00:08"]
[BlackClock "0:00:56"]

1. e4 e6 2. Qe2 c5 3. g3 Nc6 4. Nf3 Nf6 5. Bg2 Be7 6. c3 d5 7. e5 Nd7 8. O-O O-O 9. d4 a5 10. Rd1 b6 11. Be3 Ba6 12. Qe1 Rc8 13. Nbd2 Bd3 14. Nf1 Be4 15. N1d2 Bc2 16. Rdc1 Bd3 17. Nf1 c4 18. h4 h6 19. Qd2 b5 20. a3 Bh7 21. N1h2 Re8 22. h5 Bf8 23. g4 f6 24. exf6 Nxf6 25. Ne5 Nxe5 26. dxe5 Ne4 27. Qe1 Nc5 28. Qe2 Bd3 29. Qd2 Nb3 30. Qe1 Nxa1 31. Rxa1 Bc5 32. Bxc5 Rxc5 33. Qe3 Rc7 34. b4 Qa8 35. g5 axb4 36. gxh6 bxc3 37. hxg7 Rxg7 38. h6 Rg6 39. Kh1 Kh7 40. Bf3 Reg8 41. Bh5 d4+ 42. Qf3 Be4 43. Bxg6+ Rxg6 0-1


[Site "https://www.chess.com"]

[Event "Titled Tuesday Blitz December 20 Early 2022"]
[White "Schattmann, Alfred"]
[Black "Coda, Carlos"]
[WhiteFideId "4662377"]
[BlackFideId "110329"]
[WhiteElo "1746"]
[BlackElo "1971"]
[Result "1-0"]
[Round "10"]
[TimeControl "180+2"]
[Date "2022.12.20"]
[WhiteClock "0:01:28"]
[BlackClock "0:01:44"]

1. c4 e6 2. Nf3 d5 3. e3 Nf6 4. Nc3 Be7 5. b3 O-O 6. Bb2 dxc4 7. Bxc4 b6 8. d4 Bb7 9. O-O Nbd7 10. Qe2 c5 11. Rfd1 cxd4 12. Nxd4 a6 13. a4 Qc7 14. Rac1 Qe5 15. f4 Qh5 16. Qxh5 Nxh5 17. Nxe6 Nc5 18. Nxf8 Kxf8 19. Nd5 b5 20. Be2 Bxd5 21. Rxd5 Nf6 22. Bxf6 gxf6 23. Rdxc5 Bxc5 24. Rxc5 bxa4 25. bxa4 1-0


[Site "https://www.chess.com"]

[Event "Titled Tuesday Blitz December 20 Early 2022"]
[White "Steegersee"]
[Black "Tsyhanchuk_Stanislav"]
[WhiteElo "2425"]
[BlackElo "2335"]
[Result "0-1"]
[Round "10"]
[TimeControl "180+2"]
[Date "2022.12.20"]
[WhiteClock "0:00:15"]
[BlackClock "0:00:42"]

1. g3 d5 2. Bg2 e5 3. d3 Nf6 4. Nf3 Bd6 5. O-O O-O 6. Nc3 c6 7. e4 Be6 8. Bg5 d4 9. Ne2 h6 10. Bxf6 Qxf6 11. Nd2 Qe7 12. f4 exf4 13. g4 Bxg4 14. Qe1 Qg5 15. Kh1 c5 16. Nf3 Bxf3 17. Bxf3 Nd7 18. Rg1 Qf6 19. Qf2 Ne5 20. Rg2 Nxf3 21. Qxf3 Be5 22. Rf1 Rac8 23. Nxf4 Bxf4 24. Qxf4 Qxf4 25. Rxf4 c4 26. e5 cxd3 27. cxd3 Rfe8 28. Re2 Rc5 29. Rfe4 Re6 30. Kg2 Rd5 31. Kf3 g5 32. Kg4 Kg7 33. Kf5 Rf6+ 34. Kg4 Re6 35. Kf5 Rf6+ 36. Kg4 Rb6 37. Kf5 Ra6 38. a3 Rf6+ 39. Kg4 Rf1 40. e6 f5+ 41. Kg3 fxe4 42. e7 Re5 43. Rxe4 Rxe4 44. dxe4 Kf7 0-1


[Site "https://www.chess.com"]

[Event "Titled Tuesday Blitz December 20 Early 2022"]
[White "Suduvasachmatai"]
[Black "Hansch, Karsten"]
[BlackFideId "24692239"]
[WhiteElo "2110"]
[BlackElo "2248"]
[Result "1/2-1/2"]
[Round "10"]
[TimeControl "180+2"]
[Date "2022.12.20"]
[WhiteClock "0:00:25"]
[BlackClock "0:00:14"]

1. e4 c5 2. c3 g6 3. d4 cxd4 4. cxd4 d5 5. exd5 Nf6 6. Nc3 Nxd5 7. Nf3 Bg7 8. Bc4 Nb6 9. Bb3 O-O 10. O-O Nc6 11. Be3 Bg4 12. d5 Na5 13. h3 Bxf3 14. Qxf3 Nxb3 15. axb3 Bxc3 16. bxc3 Qxd5 17. Qg3 Qxb3 18. Qc7 Nd5 19. Qe5 Nxe3 20. fxe3 e6 21. Rfb1 Qd5 22. Qxd5 exd5 23. Rxb7 Rfc8 24. Ra3 Rc4 25. Rd7 a5 26. Rxd5 a4 27. Rd4 Rac8 28. Rxc4 Rxc4 29. Kf2 g5 30. Ke2 g4 31. Kd3 Rc7 32. Rxa4 gxh3 33. gxh3 Kg7 34. Rg4+ Kf6 35. c4 Ke5 36. Re4+ Kf5 37. Rf4+ Ke5 38. Rh4 f5 39. Rd4 Ra7 40. Rd5+ Ke6 41. Rb5 Ra1 42. Rb6+ Ke5 43. Rh6 Ra3+ 44. Ke2 Rc3 45. Rxh7 Rxc4 46. h4 f4 47. h5 fxe3 48. Kxe3 Rc3+ 49. Kf2 Kf5 50. Ra7 Kg5 51. Ra5+ Kh6 52. Kg2 1/2-1/2


[Site "https://www.chess.com"]

[Event "Titled Tuesday Blitz December 20 Early 2022"]
[White "Szpar, Milosz"]
[Black "viditchess"]
[WhiteFideId "1184989"]
[WhiteElo "2447"]
[BlackElo "2986"]
[Result "0-1"]
[Round "10"]
[TimeControl "180+2"]
[Date "2022.12.20"]
[WhiteClock "0:00:14"]
[BlackClock "0:01:06"]

1. e4 b6 2. d4 Bb7 3. Bd3 e6 4. Qe2 g6 5. h4 h6 6. f4 Bg7 7. h5 gxh5 8. Nf3 d6 9. f5 exf5 10. e5 dxe5 11. dxe5 Qe7 12. Nc3 Nd7 13. Bxf5 Nxe5 14. Bf4 Nxf3+ 15. gxf3 Bxf3 16. Bd7+ Kf8 17. Qxe7+ Nxe7 18. Rf1 Bg4 19. Bb5 c6 20. Bc4 Nf5 21. Kf2 Bd4+ 22. Kg2 Rg8 23. Kh2 Re8 24. Rae1 Rxe1 25. Rxe1 Bf3 26. Rf1 Bg2 27. Re1 Rg4 28. Bb8 Bf3 29. Bf1 Bg1+ 30. Kh3 Rh4# 0-1


[Site "https://www.chess.com"]

[Event "Titled Tuesday Blitz December 20 Early 2022"]
[White "The_filthy"]
[Black "Ekat, Michael"]
[BlackFideId "4689801"]
[WhiteElo "2377"]
[BlackElo "2051"]
[Result "0-1"]
[Round "10"]
[TimeControl "180+2"]
[Date "2022.12.20"]
[WhiteClock "0:00:18"]
[BlackClock "0:01:25"]

1. e4 c6 2. d4 d5 3. e5 Bf5 4. Nf3 e6 5. Be2 Nd7 6. O-O a6 7. Nbd2 h6 8. c3 c5 9. Re1 Ne7 10. Nf1 Nc6 11. Ng3 Bg6 12. c4 dxc4 13. d5 exd5 14. Qxd5 Be7 15. e6 Nb6 16. exf7+ Bxf7 17. Qe4 O-O 18. Qg4 Qd6 19. Nf5 Qg6 20. Nxe7+ Nxe7 21. Qh4 Nf5 22. Qf4 Nd5 23. Qxc4 Nde3 24. Qxc5 Qxg2# 0-1


[Site "https://www.chess.com"]

[Event "Titled Tuesday Blitz December 20 Early 2022"]
[White "Tobias_Koelle"]
[Black "Liyanage, Ranindu Dilshan"]
[BlackFideId "9915834"]
[WhiteElo "2779"]
[BlackElo "2342"]
[Result "1-0"]
[Round "10"]
[TimeControl "180+2"]
[Date "2022.12.20"]
[WhiteClock "0:01:55"]
[BlackClock "0:00:46"]

1. d4 Nf6 2. Nf3 d5 3. e3 c5 4. c3 Nc6 5. Bd3 e6 6. O-O Bd6 7. Nbd2 O-O 8. Qe2 e5 9. dxc5 Bxc5 10. e4 Re8 11. Rd1 Qc7 12. exd5 Nxd5 13. Ng5 h6 14. Nb3 Bf8 15. Bh7+ Kh8 16. Rxd5 hxg5 17. Qh5 Bg4 18. Qxg4 Kxh7 19. Bxg5 f6 20. Rd7 Qc8 21. Bxf6 Ne7 22. Bxe7 Bxe7 23. Rad1 Bf6 24. Nd2 e4 25. Nxe4 Be5 26. Ng5+ Kg8 27. Qh5 Qc4 28. Qh7+ Kf8 29. Qh8+ 1-0


[Site "https://www.chess.com"]

[Event "Titled Tuesday Blitz December 20 Early 2022"]
[White "Toh, Terry"]
[Black "CristobalBlanco"]
[WhiteFideId "5800323"]
[WhiteElo "2394"]
[BlackElo "2476"]
[Result "1/2-1/2"]
[Round "10"]
[TimeControl "180+2"]
[Date "2022.12.20"]
[WhiteClock "0:00:53"]
[BlackClock "0:00:19"]

1. c4 e6 2. Nc3 d5 3. d4 Nf6 4. Nf3 dxc4 5. e3 c5 6. Bxc4 a6 7. a4 Nc6 8. O-O cxd4 9. exd4 Be7 10. Bg5 h6 11. Bh4 Nb4 12. Re1 O-O 13. Qe2 Re8 14. Ne5 Nbd5 15. Rac1 Bd7 16. Qf3 Nxc3 17. bxc3 b5 18. axb5 axb5 19. Bd3 Ra3 20. Bb1 b4 21. Qd3 Rxc3 22. Rxc3 bxc3 23. Qxc3 Nd5 24. Qd3 Bxh4 25. Qh7+ Kf8 26. Qh8+ Ke7 27. Qxg7 Rf8 28. Ng6+ Kd6 29. Qxf8+ Qxf8 30. Nxf8 Bb5 31. g3 Be7 32. Nh7 Nc3 33. Bc2 Ne2+ 34. Kg2 Nxd4 35. Rd1 Kc5 36. Bb1 Bc6+ 37. Kf1 Nf3 38. h4 Kb6 39. Rc1 Nh2+ 40. Kg1 Nf3+ 41. Kf1 Bc5 42. Bd3 Be7 43. Rxc6+ Kxc6 44. Be4+ Kd6 45. Bxf3 Ke5 46. Ke2 Kf5 47. Ke3 Kg6 48. Be4+ f5 49. Bd3 Kxh7 50. g4 Kg6 51. gxf5+ exf5 52. h5+ Kg5 53. f4+ Kg4 54. Be2+ Kh4 55. Bd3 Kg4 56. Be2+ Kh4 57. Bd3 Kxh5 58. Bxf5 Bd6 59. Kf3 Bxf4 60. Kxf4 Kh4 61. Bg4 h5 62. Bxh5 1/2-1/2


[Site "https://www.chess.com"]

[Event "Titled Tuesday Blitz December 20 Early 2022"]
[White "TokChess"]
[Black "Korchmar_Vasiliy"]
[WhiteElo "2504"]
[BlackElo "2703"]
[Result "0-1"]
[Round "10"]
[TimeControl "180+2"]
[Date "2022.12.20"]
[WhiteClock "0:00:06"]
[BlackClock "0:01:59"]

1. d4 d5 2. Nf3 Nf6 3. g3 g6 4. Bg2 Bg7 5. O-O O-O 6. c4 c6 7. Nbd2 Bf5 8. b3 a5 9. Nh4 Be6 10. Bb2 a4 11. Qc2 a3 12. Bc3 Nbd7 13. Rad1 b5 14. c5 Ne8 15. b4 f6 16. Nb3 Bf7 17. Na5 Ra6 18. Qb3 e5 19. Qxa3 e4 20. Qb2 Be6 21. f4 g5 22. Qb3 Qe7 23. a4 Nc7 0-1


[Site "https://www.chess.com"]

[Event "Titled Tuesday Blitz December 20 Early 2022"]
[White "Truequitos"]
[Black "Canche Cab, Marco Alexei"]
[BlackFideId "5116139"]
[WhiteElo "2536"]
[BlackElo "2004"]
[Result "1-0"]
[Round "10"]
[TimeControl "180+2"]
[Date "2022.12.20"]
[WhiteClock "0:00:03"]
[BlackClock "0:00:03"]

1. Nf3 Nf6 2. g4 Nxg4 3. e4 c5 4. d4 cxd4 5. Nxd4 Nf6 6. Nc3 d6 7. Rg1 g6 8. Be3 Bg7 9. Qd2 O-O 10. Bh6 Nc6 11. Bxg7 Kxg7 12. O-O-O Nxd4 13. Qxd4 Qb6 14. Qxb6 axb6 15. a3 Bd7 16. f4 Bc6 17. e5 dxe5 18. fxe5 Nd7 19. Re1 e6 20. Rg4 Ra5 21. Rb4 Rxe5 22. Rxe5 Nxe5 23. Rxb6 f5 24. a4 f4 25. a5 Nd7 26. Rb4 f3 27. Rc4 Ne5 28. Rc5 Ng4 29. a6 Nxh2 30. axb7 Bxb7 31. Bh3 f2 32. b4 Rf3 33. Nd1 Bd5 34. c4 Be4 35. Nxf2 Rxf2 36. Bxe6 Nf3 37. Bd5 Bxd5 38. Rxd5 h5 39. b5 Nh2 40. b6 Ng4 41. Rd7+ Kh6 42. c5 h4 43. b7 Rf8 44. c6 h3 45. Rd3 Nf2 46. Rxh3+ Nxh3 47. c7 g5 48. c8=Q Rf1+ 49. Kd2 Rf2+ 50. Ke3 Rh2 51. Qh8+ Kg6 52. b8=Q 1-0


[Site "https://www.chess.com"]

[Event "Titled Tuesday Blitz December 20 Early 2022"]
[White "Tsigelnitskiy, Ilusha"]
[Black "Badlyplayed"]
[WhiteFideId "4132971"]
[WhiteElo "2342"]
[BlackElo "2262"]
[Result "1-0"]
[Round "10"]
[TimeControl "180+2"]
[Date "2022.12.20"]
[WhiteClock "0:00:51"]
[BlackClock "0:00:12"]

1. e4 c5 2. b3 Nc6 3. Bb2 d6 4. Nf3 Nf6 5. Nc3 g6 6. d4 cxd4 7. Nxd4 Bg7 8. f3 O-O 9. Qd2 a6 10. O-O-O Nxd4 11. Qxd4 Be6 12. h4 Qa5 13. Kb1 Rac8 14. Nd5 Bxd5 15. exd5 Nh5 16. Qd2 Qxd2 17. Rxd2 Bxb2 18. Kxb2 Ng3 19. Rg1 b5 20. Bd3 Rc5 21. Re1 Re8 22. c4 bxc4 23. Bxc4 Kf8 24. Bxa6 Rb8 25. a4 h5 26. Bb5 Nf5 27. Re4 Rbc8 28. Bd7 R8c7 29. Bxf5 gxf5 30. Red4 Kg7 31. Ka3 Kf6 32. f4 Rc3 33. R4d3 Rc1 34. a5 Ra1+ 35. Ra2 Rxa2+ 36. Kxa2 Rc2+ 37. Ka3 Rxg2 38. Rd1 e5 39. dxe6 Kxe6 40. a6 Rg8 41. b4 d5 42. b5 1-0


[Site "https://www.chess.com"]

[Event "Titled Tuesday Blitz December 20 Early 2022"]
[White "Ural_bogatyr"]
[Black "GiorgianBarbosa"]
[WhiteElo "2615"]
[BlackElo "2484"]
[Result "1-0"]
[Round "10"]
[TimeControl "180+2"]
[Date "2022.12.20"]
[WhiteClock "0:00:21"]
[BlackClock "0:00:06"]

1. d4 d5 2. Nc3 c6 3. Bf4 Nf6 4. e3 Bg4 5. f3 Bf5 6. g4 Bg6 7. h4 h5 8. g5 Ng8 9. Bd3 Bxd3 10. Qxd3 g6 11. O-O-O Bg7 12. e4 dxe4 13. fxe4 Nd7 14. Nf3 e6 15. e5 Ne7 16. Ne4 Nf5 17. Nfd2 O-O 18. Nc4 Nb6 19. Ncd6 Nd5 20. Bd2 b5 21. Rdf1 a5 22. Rhg1 Nb4 23. Qh3 Nxd4 24. Nf6+ Bxf6 25. gxf6 Nbxc2 26. Qd3 Kh7 27. Rg5 Nf5 28. Rfxf5 exf5 29. Kxc2 Rh8 30. Rxf5 Kg8 31. Rg5 Qd7 32. Rxg6+ fxg6 33. Qxg6+ Kf8 34. Bh6+ Rxh6 35. Qxh6+ Kg8 36. Qg6+ Kf8 37. e6 Qc7 38. Qh6+ Kg8 39. f7+ 1-0


[Site "https://www.chess.com"]

[Event "Titled Tuesday Blitz December 20 Early 2022"]
[White "Viktorin, Tomas"]
[Black "Witek, Tomasz"]
[WhiteFideId "328316"]
[BlackFideId "1130056"]
[WhiteElo "1971"]
[BlackElo "2000"]
[Result "0-1"]
[Round "10"]
[TimeControl "180+2"]
[Date "2022.12.20"]
[WhiteClock "0:00:03"]
[BlackClock "0:00:05"]

1. d4 d5 2. c4 e6 3. Nf3 c6 4. e3 Bd6 5. Nbd2 f5 6. Bd3 Nf6 7. O-O O-O 8. b3 Nbd7 9. a4 a5 10. Ba3 Bxa3 11. Rxa3 b6 12. Ra1 Bb7 13. Qc2 Rc8 14. Qb2 Ne4 15. Ne5 Nxe5 16. dxe5 c5 17. cxd5 Nxd2 18. Qxd2 Qxd5 19. f4 Rcd8 20. Rad1 Ba6 21. Bxa6 Qxd2 22. Rxd2 Rxd2 23. Bc4 Kf7 24. Rf2 Rfd8 25. Kf1 g5 26. fxg5 Kg6 27. Ke1 Rxf2 28. Kxf2 Kxg5 29. Kg3 Kg6 30. Kf4 Kf7 31. Bb5 Rd2 32. Kf3 Rd5 33. Kf4 Rd2 34. Kf3 h6 35. Bc4 Ke7 36. Bb5 h5 37. h4 Rd8 38. g3 Rg8 39. Bc4 Rg4 40. Bd3 Kf7 41. Kf2 Rg8 42. Kf3 Rd8 43. Bc4 Rd2 44. Bb5 Rc2 45. Bd3 Rc3 46. Bc4 Ke7 47. Kf4 Rc1 48. Kf3 Rd1 49. Ke2 Rd5 50. Kf3 Rxe5 51. Kf4 Re4+ 52. Kf3 Kf6 53. Kf2 e5 54. Kf3 Rg4 55. Kf2 Rg7 56. Kf3 e4+ 57. Kf2 Ke5 0-1


[Site "https://www.chess.com"]

[Event "Titled Tuesday Blitz December 20 Early 2022"]
[White "VitorBronson"]
[Black "EdgePlosion"]
[WhiteElo "2459"]
[BlackElo "2420"]
[Result "0-1"]
[Round "10"]
[TimeControl "180+2"]
[Date "2022.12.20"]
[WhiteClock "0:00:16"]
[BlackClock "0:00:48"]

1. e4 e6 2. d4 d5 3. e5 c5 4. c3 Nc6 5. Nf3 Qb6 6. Bd3 cxd4 7. O-O Bd7 8. Re1 a6 9. a3 Rc8 10. b4 dxc3 11. Nxc3 Nd4 12. Bb2 Nxf3+ 13. Qxf3 Ne7 14. h4 Qd8 15. a4 Nc6 16. b5 Nb4 17. Bb1 Qxh4 18. g3 Qd8 19. Ba3 a5 20. Ne2 Be7 21. Nf4 g6 22. Kg2 Bg5 23. Rh1 Bxf4 24. Qxf4 Rc4 25. Qf3 Qg5 26. Bd3 Rc3 27. Bxb4 axb4 28. Rhd1 O-O 29. a5 Bxb5 30. Rab1 Bxd3 31. Rxd3 Qxe5 32. Rxb4 Rc1 33. Rxb7 Qe1 34. g4 Qh1+ 35. Kg3 Rg1+ 36. Kf4 Qh2+ 37. Kg5 Qe5+ 38. Kh6 Qg7+ 39. Kg5 f6+ 40. Kh4 Qxb7 41. Rb3 Qc7 42. a6 Qh2+ 43. Qh3 Qxh3+ 44. Kxh3 Ra1 45. Ra3 Rxa3+ 0-1


[Site "https://www.chess.com"]

[Event "Titled Tuesday Blitz December 20 Early 2022"]
[White "Vsevolod_Ovchinnikov"]
[Black "Crone, Stephan"]
[BlackFideId "4670175"]
[WhiteElo "2557"]
[BlackElo "1860"]
[Result "1-0"]
[Round "10"]
[TimeControl "180+2"]
[Date "2022.12.20"]
[WhiteClock "0:01:51"]
[BlackClock "0:00:15"]

1. d4 g6 2. Nf3 Bg7 3. g3 d6 4. Bg2 Nf6 5. c4 O-O 6. Nc3 Nc6 7. O-O a6 8. b3 Rb8 9. e3 Bf5 10. h3 Ne4 11. Ne2 e5 12. Bb2 exd4 13. Nfxd4 Nxd4 14. Nxd4 c5 15. Nxf5 Bxb2 16. Bxe4 gxf5 17. Bxf5 Bxa1 18. Qxa1 Qg5 19. Qb1 h6 20. Rd1 Rfd8 21. Rd5 Qf6 22. Bd3 b5 23. Qd1 bxc4 24. Bxc4 a5 25. a4 Kf8 26. Kg2 Ke7 27. Qg4 Rg8 28. Qe4+ Qe6 29. Qh4+ Qf6 30. Qe4+ Qe6 31. Qf4 Qf6 32. Rf5 1-0


[Site "https://www.chess.com"]

[Event "Titled Tuesday Blitz December 20 Early 2022"]
[White "WhiteKnight2612"]
[Black "Manukyan_Artak"]
[WhiteElo "2753"]
[BlackElo "2560"]
[Result "1-0"]
[Round "10"]
[TimeControl "180+2"]
[Date "2022.12.20"]
[WhiteClock "0:01:01"]
[BlackClock "0:00:10"]

1. c4 g6 2. Nc3 Bg7 3. g3 h5 4. Bg2 h4 5. d3 c5 6. Bd2 Nc6 7. a3 d6 8. Rb1 a5 9. Nb5 e5 10. e3 Nf6 11. Ne2 hxg3 12. hxg3 Rxh1+ 13. Bxh1 Bg4 14. Qa4 Qd7 15. Nec3 Kf8 16. Nd5 Nxd5 17. Bxd5 Qf5 18. Be4 Qh5 19. Kf1 Bf3 20. Bxf3 Qxf3 21. Kg1 Ke7 22. Qd1 Qf5 23. e4 Qh3 24. Qf1 Qxf1+ 25. Kxf1 a4 26. Ke2 Nd4+ 27. Nxd4 exd4 28. b4 axb3 29. Rxb3 Ra7 30. a4 Kd7 31. a5 Kc6 32. Rb1 Ra8 33. Rb6+ Kc7 34. Bf4 Be5 35. Bd2 Ra6 36. Rb1 Ra8 37. f4 Bf6 38. Kf3 Bd8 39. Rh1 Kc6 40. Rh8 Rb8 41. Rf8 f6 42. g4 Kd7 43. Be1 Ke7 44. Rh8 Ra8 45. Rh7+ Ke8 46. Rh8+ Kd7 47. Rg8 Ra6 48. Rg7+ Kc6 49. Rxg6 Bxa5 50. Bg3 Bd8 51. Rg8 Be7 52. Rg7 Bd8 53. Rg8 Be7 54. e5 fxe5 55. fxe5 dxe5 56. Bxe5 Ra1 57. g5 Re1 58. Kf4 Rd1 59. Ke4 Re1+ 60. Kf5 Re3 61. Ke6 b5 62. Rc8+ Kb7 63. Rc7+ Kb6 64. Rxe7 bxc4 65. dxc4 d3 66. Rd7 1-0


[Site "https://www.chess.com"]